AAA
LONG ISLAND NAVIGATORS @ WINSTON-SALEM WARTHOGS
06/22/2060
 
TOP OF THE 1ST
Long Island Navigators batting - Pitching for Winston-Salem Warthogs : RHP Branden Brant
Pitching: RHP Branden Brant
Batting: LHB Grant Lucien 0-0: Swinging Strike
0-1: Ball
1-1: Ball
2-1: Ball
3-1: Swinging Strike
3-2: Foul Ball, location: 2F
3-2: Strikes out looking
Batting: RHB Sullivan Hazelwood 0-0: Called Strike
0-1: Ball
1-1: Fly out, F7 (Line Drive, 7S, EV 90.6 MPH)
Batting: LHB Broderick Council 0-0: Ball
1-0: Hit by Pitch
Batting: LHB Triston Harris 0-0: Foul Ball, location: 2F
0-1: Ball
1-1: Ball
2-1: Fly out, F7 (Line Drive, 78M, EV 93.1 MPH)
Top of the 1st over - 0 runs, 0 hits, 0 errors, 1 left on base; Long Island 0 - Winston-Salem 0
BOTTOM OF THE 1ST
Winston-Salem Warthogs batting - Pitching for Long Island Navigators : LHP Matt Dimmick
Pitching: LHP Matt Dimmick
Batting: LHB Stefan Ciolino 0-0: Ball
1-0: Foul Ball, location: 2F
1-1: Called Strike
1-2: Foul Ball, location: 2F
1-2: Ball
2-2: Strikes out swinging
Batting: RHB Dominick Booth 0-0: Ball
1-0: SOLO HOME RUN (Flyball, 7D, EV 95.6 MPH), Distance : 352 ft
Batting: RHB Johnathan Shillito 0-0: Ball
1-0: Ball
2-0: Called Strike
2-1: Foul Ball, location: 2F
2-2: Ball
3-2: Foul Ball, location: 2F
3-2: Foul Ball, location: 2F
3-2: Strikes out swinging
Batting: SHB Tommy Pettyjohn 0-0: Ball
1-0: Ball
2-0: Fly out, F8 (Flyball, 8LD, EV 98.1 MPH)
Bottom of the 1st over - 1 run, 1 hit, 0 errors, 0 left on base; Long Island 0 - Winston-Salem 1
TOP OF THE 2ND
Long Island Navigators batting - Pitching for Winston-Salem Warthogs : RHP Branden Brant
Batting: RHB Cameron Marry 0-0: Called Strike
0-1: DOUBLE (Line Drive, 7LM, EV 106.9 MPH)
Batting: SHB Grant Jopling 0-0: Called Strike
0-1: Fly out, F7 (Line Drive, 7S, EV 88.8 MPH)
Batting: RHB Weldon Nnanna 0-0: Fly out, F6 (Line Drive, 6, EV 67.5 MPH)
Batting: RHB Seth Baker 0-0: Foul Ball, location: 2F
0-1: Ball
1-1: Called Strike
1-2: Ball
2-2: Foul Ball, location: 2F
2-2: Fly out, F7 (Flyball, 7, EV 88.1 MPH)
Top of the 2nd over - 0 runs, 1 hit, 0 errors, 1 left on base; Long Island 0 - Winston-Salem 1
BOTTOM OF THE 2ND
Winston-Salem Warthogs batting - Pitching for Long Island Navigators : LHP Matt Dimmick
Batting: RHB Kyle Patri 0-0: Ball
1-0: Ball
2-0: Foul Ball, location: 2F
2-1: Ground out 1-3 (Groundball, 34S, EV 75.0 MPH)
Batting: LHB Spencer DeSimone 0-0: Called Strike
0-1: Called Strike
0-2: Ball
1-2: Ground out 6-3 (Groundball, 6, EV 93.1 MPH)
Batting: RHB Allen Stoll 0-0: Called Strike
0-1: Swinging Strike
0-2: Ball
1-2: Strikes out swinging
Bottom of the 2nd over - 0 runs, 0 hits, 0 errors, 0 left on base; Long Island 0 - Winston-Salem 1
TOP OF THE 3RD
Long Island Navigators batting - Pitching for Winston-Salem Warthogs : RHP Branden Brant
Batting: RHB Devon Richardson 0-0: Ball
1-0: Ball
2-0: Ground out 5-3 (Groundball, 56S, EV 88.8 MPH)
Batting: LHB Grant Lucien 0-0: Ball
1-0: Ball
2-0: Called Strike
2-1: SINGLE (Line Drive, 56D, EV 96.2 MPH)
Batting: RHB Sullivan Hazelwood 0-0: Ball
1-0: Ball
2-0: Called Strike
2-1: Fly out, F3 (Line Drive, 3L, EV 64.4 MPH)
Lined into DP, U3 (Line Drive, 3L, EV 68.1 MPH)
Top of the 3rd over - 0 runs, 1 hit, 0 errors, 0 left on base; Long Island 0 - Winston-Salem 1
BOTTOM OF THE 3RD
Winston-Salem Warthogs batting - Pitching for Long Island Navigators : LHP Matt Dimmick
Batting: LHB Lewis O'Connor 0-0: Ball
1-0: Ball
2-0: Fly out, F9 (Flyball, 89D, EV 98.8 MPH)
Batting: RHB Todd Abarca 0-0: Called Strike
0-1: Called Strike
0-2: Reached via error on a dropped throw from 1B, E1 (Groundball, 34, EV 103.1 MPH)
Batting: LHB Stefan Ciolino 0-0: Called Strike
0-1: Ball
1-1: Ball
2-1: Ball
3-1: Base on Balls
Todd Abarca to second
Batting: RHB Dominick Booth 0-0: Called Strike
0-1: Called Strike
0-2: Foul Ball, location: 2F
0-2: Foul Ball, location: 2F
0-2: Ball
1-2: Ball
2-2: Foul Ball, location: 2F
2-2: Ball
3-2: SINGLE (Groundball, 34D, EV 105.6 MPH)
Todd Abarca to third
Stefan Ciolino to second
Batting: RHB Johnathan Shillito 0-0: Swinging Strike
0-1: Called Strike
0-2: Fly out, F7 (Flyball, 7D, EV 99.4 MPH)
Runner from 3rd tags up, SCORES, no throw by LF
Stefan Ciolino to third
Batting: SHB Tommy Pettyjohn 0-0: Ball
1-0: Ball
2-0: Fly out, F7 (Flyball, 78D, EV 88.8 MPH)
Bottom of the 3rd over - 1 run, 1 hit, 1 error, 2 left on base; Long Island 0 - Winston-Salem 2
TOP OF THE 4TH
Long Island Navigators batting - Pitching for Winston-Salem Warthogs : RHP Branden Brant
Batting: LHB Broderick Council 0-0: Ball
1-0: Called Strike
1-1: Foul Ball, location: 2F
1-2: Strikes out swinging
Batting: LHB Triston Harris 0-0: Called Strike
0-1: Ball
1-1: Ground out U3 (Groundball, 34, EV 90.6 MPH)
Batting: RHB Cameron Marry 0-0: Called Strike
0-1: Ball
1-1: Called Strike
1-2: Foul Ball, location: 2F
1-2: Ball
2-2: Foul Ball, location: 2F
2-2: Fly out, F9 (Flyball, 89S, EV 83.1 MPH)
Top of the 4th over - 0 runs, 0 hits, 0 errors, 0 left on base; Long Island 0 - Winston-Salem 2
BOTTOM OF THE 4TH
Winston-Salem Warthogs batting - Pitching for Long Island Navigators : LHP Matt Dimmick
Batting: RHB Kyle Patri 0-0: Ball
1-0: Ball
2-0: SINGLE (Groundball, 56, EV 106.2 MPH)
Batting: LHB Spencer DeSimone 0-0: Called Strike
0-1: Called Strike
0-2: Ball
1-2: Ball
2-2: Ground out 5-3 (Groundball, 56S, EV 70.0 MPH)
Kyle Patri to second
Batting: RHB Allen Stoll 0-0: Called Strike
0-1: SINGLE (Line Drive, 9S, EV 108.8 MPH)
Kyle Patri to third
Batting: LHB Lewis O'Connor 0-0: Ball
1-0: Grounds into double play, 1-4-3 (Groundball, 15S, EV 71.9 MPH)
Bottom of the 4th over - 0 runs, 2 hits, 0 errors, 1 left on base; Long Island 0 - Winston-Salem 2
TOP OF THE 5TH
Long Island Navigators batting - Pitching for Winston-Salem Warthogs : RHP Branden Brant
Batting: SHB Grant Jopling 0-0: Ball
1-0: Ball
2-0: Swinging Strike
2-1: Foul Ball, location: 2F
2-2: Ball
3-2: Foul Ball, location: 2F
3-2: Base on Balls
Batting: RHB Weldon Nnanna 0-0: Sac Bunt to P - play at first, batter OUT! 1-3
Grant Jopling to second
Batting: RHB Seth Baker 0-0: Ball
1-0: Swinging Strike
1-1: Foul Ball, location: 2F
1-2: Ground out 6-3 (Groundball, 6, EV 90.0 MPH)
Batting: RHB Devon Richardson 0-0: Ball
1-0: SINGLE (Groundball, 56D, EV 97.5 MPH)
Grant Jopling to third
Runner from 3rd tries for Home, SAFE, throw by LF to home
Batting: LHB Grant Lucien 0-0: Called Strike
0-1: Swinging Strike
0-2: Ball
1-2: Foul Ball, location: 2F
1-2: Ball
2-2: Fly out, F9 (Flyball, 89S, EV 91.9 MPH)
Top of the 5th over - 1 run, 1 hit, 0 errors, 1 left on base; Long Island 1 - Winston-Salem 2
BOTTOM OF THE 5TH
Winston-Salem Warthogs batting - Pitching for Long Island Navigators : LHP Matt Dimmick
Batting: RHB Todd Abarca 0-0: Ball
1-0: Foul Ball, location: 2F
1-1: Ball
2-1: Called Strike
2-2: Foul Ball, location: 2F
2-2: Strikes out swinging
Batting: LHB Stefan Ciolino 0-0: Ground out U3 (Groundball, 34, EV 84.4 MPH)
Batting: RHB Dominick Booth 0-0: Foul Ball, location: 2F
0-1: Swinging Strike
0-2: Ball
1-2: Strikes out looking
Bottom of the 5th over - 0 runs, 0 hits, 0 errors, 0 left on base; Long Island 1 - Winston-Salem 2
TOP OF THE 6TH
Long Island Navigators batting - Pitching for Winston-Salem Warthogs : RHP Branden Brant
Batting: RHB Sullivan Hazelwood 0-0: Ball
1-0: Called Strike
1-1: Swinging Strike
1-2: Strikes out looking
Batting: LHB Broderick Council 0-0: Ball
1-0: Called Strike
1-1: Swinging Strike
1-2: Strikes out swinging
Batting: LHB Triston Harris 0-0: Ground out U3 (Groundball, 3, EV 84.4 MPH)
Top of the 6th over - 0 runs, 0 hits, 0 errors, 0 left on base; Long Island 1 - Winston-Salem 2
BOTTOM OF THE 6TH
Winston-Salem Warthogs batting - Pitching for Long Island Navigators : LHP Matt Dimmick
Batting: RHB Johnathan Shillito 0-0: Ball
1-0: Ball
2-0: Ground out 6-3 (Groundball, 4MS, EV 86.9 MPH)
Batting: SHB Tommy Pettyjohn 0-0: Called Strike
0-1: Swinging Strike
0-2: Foul Ball, location: 2F
0-2: Fly out, F7 (Flyball, 7LS, EV 81.9 MPH)
Batting: RHB Kyle Patri 0-0: Foul Ball, location: 2F
0-1: Ball
1-1: Swinging Strike
1-2: Ball
2-2: Foul Ball, location: 2F
2-2: Foul Ball, location: 2F
2-2: Foul Ball, location: 2F
2-2: Strikes out swinging
Bottom of the 6th over - 0 runs, 0 hits, 0 errors, 0 left on base; Long Island 1 - Winston-Salem 2
TOP OF THE 7TH
Long Island Navigators batting - Pitching for Winston-Salem Warthogs : RHP Branden Brant
Batting: RHB Cameron Marry 0-0: Ball
1-0: Foul Ball, location: 2F
1-1: Ball
2-1: Ball
3-1: Base on Balls
Batting: SHB Grant Jopling 0-0: Swinging Strike
0-1: Foul Ball, location: 2F
0-2: Ball
1-2: Foul Ball, location: 2F
1-2: Ball
2-2: Strikes out swinging
Batting: RHB Weldon Nnanna 0-0: Foul Ball, location: 2F
0-1: Fly out, F8 (Flyball, 8RXD, EV 96.9 MPH)
Batting: RHB Seth Baker 0-0: Called Strike
0-1: Ball
1-1: Ball
2-1: Foul Ball, location: 2F
2-2: Foul Ball, location: 2F
2-2: Ground out U3 (Groundball, 3L, EV 76.9 MPH)
Top of the 7th over - 0 runs, 0 hits, 0 errors, 1 left on base; Long Island 1 - Winston-Salem 2
BOTTOM OF THE 7TH
Winston-Salem Warthogs batting - Pitching for Long Island Navigators : LHP Matt Dimmick
Batting: LHB Spencer DeSimone 0-0: Called Strike
0-1: Ball
1-1: Foul Ball, location: 2F
1-2: Ball
2-2: Ground out 4-3 (Groundball, 4, EV 89.4 MPH)
Batting: RHB Allen Stoll 0-0: Ball
1-0: Foul Ball, location: 2F
1-1: Foul Ball, location: 2F
1-2: Ball
2-2: Foul Ball, location: 2F
2-2: Foul Ball, location: 2F
2-2: Ball
3-2: Strikes out swinging
Batting: LHB Lewis O'Connor 0-0: Ball
1-0: Ball
2-0: Ball
3-0: Fly out, F8 (Flyball, 8LD, EV 90.6 MPH)
Bottom of the 7th over - 0 runs, 0 hits, 0 errors, 0 left on base; Long Island 1 - Winston-Salem 2
TOP OF THE 8TH
Long Island Navigators batting - Pitching for Winston-Salem Warthogs : RHP Branden Brant
Batting: RHB Devon Richardson 0-0: Ball
1-0: Called Strike
1-1: Swinging Strike
1-2: Strikes out swinging
Batting: LHB Grant Lucien 0-0: Swinging Strike
0-1: Foul Ball, location: 2F
0-2: Strikes out swinging
Batting: RHB Sullivan Hazelwood 0-0: SINGLE (Groundball, 25, EV 66.9 MPH) (infield hit)
Pitching: RHP Riley Meador
Batting: LHB Broderick Council 0-0: Fielders Choice at 2nd, 6-4 (Groundball, 6, EV 85.6 MPH)
Top of the 8th over - 0 runs, 1 hit, 0 errors, 1 left on base; Long Island 1 - Winston-Salem 2
BOTTOM OF THE 8TH
Winston-Salem Warthogs batting - Pitching for Long Island Navigators : LHP Matt Dimmick
Pitching: RHP Karsen Azizi
Batting: RHB Todd Abarca 0-0: Swinging Strike
0-1: Called Strike
0-2: Ball
1-2: Fly out, F9 (Flyball, 9LSF, EV 80.6 MPH)
Batting: LHB Stefan Ciolino 0-0: SINGLE (Groundball, 4MD, EV 106.9 MPH)
Batting: RHB Dominick Booth 0-0: Ball
1-0: Swinging Strike
1-1: Swinging Strike
1-2: Strikes out swinging
Batting: RHB Johnathan Shillito 0-0: Called Strike
0-1: Ball
1-1: DOUBLE (Flyball, 8RXD, EV 101.2 MPH)
Stefan Ciolino to third
Runner from 3rd tries for Home, SAFE, no throw by CF
Batting: SHB Tommy Pettyjohn 0-0: Ball
1-0: Ball
2-0: Called Strike
2-1: Fly out, F8 (Line Drive, 8RM, EV 91.2 MPH)
Bottom of the 8th over - 1 run, 2 hits, 0 errors, 1 left on base; Long Island 1 - Winston-Salem 3
TOP OF THE 9TH
Long Island Navigators batting - Pitching for Winston-Salem Warthogs : RHP Riley Meador
Batting: LHB Triston Harris 0-0: Ball
1-0: Called Strike
1-1: Fly out, F8 (Flyball, 8RXD, EV 98.8 MPH)
Batting: RHB Cameron Marry 0-0: Ball
1-0: Called Strike
1-1: Called Strike
1-2: Foul Ball, location: 2F
1-2: Ball
2-2: Strikes out swinging
Batting: SHB Grant Jopling 0-0: SINGLE (Groundball, 6D, EV 110.0 MPH)
Batting: RHB Weldon Nnanna 0-0: Called Strike
0-1: Fielders Choice at 2nd, 6-4 (Groundball, 6, EV 80.0 MPH)
Top of the 9th over - 0 runs, 1 hit, 0 errors, 1 left on base; Long Island 1 - Winston-Salem 3
Saturday, May 11th , 2024 - OOTP Baseball 23.10 Build 110